 Dungeon Crawl Stone Soup version 0.22-a0-467-g5c5de1c (webtiles) character file.

574 4thArraOfDagon the Chopper (level 7, 4/62 HPs)
             Began as a Hill Orc Fighter on June 10, 2018.
             Quit the game on level 6 of the Dungeon.
             The game lasted 00:03:46 (778 turns).

4thArraOfDagon the Chopper (Hill Orc Fighter)        Turns: 778, Time: 00:03:46

Health: 4/62       AC:  8    Str: 19    XL:     7   Next: 34%
Magic:  7/7        EV:  7    Int: 15    God:
Gold:   124        SH:  9    Dex: 10    Spells: 6/6 levels left

rFire    . . .     SeeInvis .   a - +0 war axe
rCold    . . .     Gourm    .   c - +0 shield
rNeg     . . .     Faith    .   b - +0 scale mail
rPois    .         Spirit   .   (no helmet)
rElec    .         Reflect  .   (no cloak)
rCorr    .         Harm     .   h - +0 pair of gloves
MR       .....                  (no boots)
Stlth    ..........             (no amulet)
HPRegen  0.20/turn              (no ring)
MPRegen  0.10/turn              (no ring)

@: brilliant
A: no striking features
a: no special abilities


You were on level 6 of the Dungeon.
You were not hungry.

You visited 1 branch of the dungeon, and saw 6 of its levels.

You collected 124 gold pieces.

Inventory:

Hand Weapons
 a - a +0 war axe (weapon)
Armour
 b - a +0 scale mail (worn)
 c - a +0 shield (worn)
 h - a +0 pair of gloves (worn)
Wands
 e - a wand of flame (25)
Potions
 i - 2 potions of cancellation
Comestibles
 f - 2 rations


   Skills:
 + Level 5.9 Fighting
 * Level 7.7 Axes
 - Level 5.1 Armour
 - Level 3.2 Shields


You had 6 spell levels left.
You didn't know any spells.
Your spell library was empty.

Dungeon Overview and Level Annotations

Branches:
Dungeon (6/15)
 Temple: D:4-7

Altars:
Ashenzari
Xom

Shops:
D:5 :

Annotations:
D:5 Eustachio
D:6 Grinder


Message History

You hit the howler monkey zombie. You hit the slave.
The howler monkey zombie hits you but does no damage.
The slave hits you.
* * * LOW HITPOINT WARNING * * *
Grinder hits you.
* * * LOW HITPOINT WARNING * * *
You writhe in agony.
* * * LOW HITPOINT WARNING * * *
You block the howler monkey zombie's attack.
You closely miss Grinder.
Grinder is moderately wounded.
Your shield and scale mail prevent you from hitting the slave.
You barely miss the howler monkey zombie.
The slave closely misses you. Grinder hits you.
* * * LOW HITPOINT WARNING * * *
You writhe in agony.
* * * LOW HITPOINT WARNING * * *
You block the howler monkey zombie's attack.
Unknown command.
Are you sure you want to abandon this character and quit the game? (Confirm with "yes".)

#####.#
#.# #.#
#o# #o#
#p# #Z#
##
#p#######
#5@Z...#
########


You could see Grinder, 2 slaves, 2 orcs, a quokka zombie and a howler monkey
zombie.

Vanquished Creatures
  Duvessa (D:5)
  An ogre (D:4)
  A bullfrog (D:6)
  Dowan (D:5)
  A scorpion (D:4)
  A howler monkey (D:4)
  A crimson imp (D:5)
  2 hounds (D:4)
  A worker ant (D:4)
  2 gnolls
  3 adders (D:4)
  An adder skeleton (D:4)
  A worm (D:4)
  A leopard gecko (D:4)
  2 orcs (D:4)
  A goblin (D:1)
  A hobgoblin (D:3)
  2 quokkas
  A bat (D:1)
  2 kobolds (D:1)
  A leopard gecko skeleton (D:4)
  A rat (D:3)
29 creatures vanquished.

Notes
Turn   | Place    | Note
-------+----------+-------------------------------------------
     0 | D:1      | 4thArraOfDagon the Hill Orc Fighter began the quest for the Orb.
     0 | D:1      | Reached XP level 1. HP: 19/19 MP: 1/1
    39 | D:1      | Reached skill level 3 in Axes
    41 | D:1      | Reached XP level 2. HP: 10/27 MP: 2/2
    62 | D:2      | Found a shimmering altar of Xom.
   223 | D:4      | Reached XP level 3. HP: 20/33 MP: 3/3
   235 | D:4      | Reached skill level 4 in Axes
   235 | D:4      | Reached XP level 4. HP: 25/40 MP: 4/4
   250 | D:5      | Entered Level 5 of the Dungeon
   267 | D:5      | Noticed an ogre
   314 | D:4      | Reached skill level 5 in Axes
   314 | D:4      | Reached XP level 5. HP: 27/47 MP: 5/5
   448 | D:4      | Noticed an ogre
   457 | D:4      | Killed an ogre
   457 | D:4      | Reached skill level 5 in Fighting
   457 | D:4      | Reached skill level 6 in Axes
   457 | D:4      | Reached XP level 6. HP: 9/56 MP: 6/6
   531 | D:5      | Found a shattered altar of Ashenzari.
   531 | D:5      | Noticed Dowan
   531 | D:5      | Noticed Duvessa
   555 | D:5      | Killed Duvessa
   555 | D:5      | Reached skill level 5 in Armour
   560 | D:5      | Killed Dowan
   560 | D:5      | Reached skill level 7 in Axes
   560 | D:5      | Reached XP level 7. HP: 27/61 MP: 7/7
   631 | D:5      | Noticed Eustachio
   710 | D:5      | Found Liofuzes's Book Boutique.
   762 | D:6      | Noticed Grinder
   778 | D:6      | Quit the game

Vault maps used:
D:1:      erik_arrival_orb_chamber
D:2:      lemuel_doored_altar, xom_butterflies, uniq_terence
D:4:      serial_forest, infiniplex_forest_clump_long,
          infiniplex_forest_end_double, infiniplex_forest_straight_4,
          infiniplex_forest_end_2, infiniplex_forest_clump_tiny,
          minmay_misc_feat_pillars
D:5:      cheibrodos_ashenzari_chains, led_sif_book, serial_shops,
          nicolae_shop_behind_doors, first_ration, nzn_random_ring,
          uniq_eustachio, uniq_duvessa, uniq_prince_ribbit1
D:6:      nicolae_overflow_hidden_temple, lemuel_crystal_altar, basic_altar,
          nemelex_dance_club_becter, uniq_grinder, uniq_blork_the_orc,
          uniq_pikel

Skill      XL: |  1  2  3  4  5  6 |
---------------+-------------------+-----
Axes           | 3 4 5 6 7 |  7.7
Fighting       | 4 5 |  5.9
Armour         | 4 5 |  5.1
Shields        | |  3.2

Action                   |  1- 3 |  4- 6 |  7- 9 || total
-------------------------+-------+-------+-------++-------
Melee: War axe           |    49 |    69 |    30 ||   148
  Use: Potion            |       |     5 |     2 ||     7
       Scroll            |       |     1 |       ||     1
Armor: Scale mail        |    19 |    28 |    27 ||    74
Dodge: Dodged            |    15 |    19 |    20 ||    54
Block: Shield            |    43 |    28 |    27 ||    98

Table legend:
 A = Spawn XP
 B = Non-spawn XP
 C = Spawn XP percentage of total XP
 D = Spawn monster count
 E = Non-spawn monster count
 F = Spawn count percentage of total count
 G = Total turns spent on level
                    A         B        C        D         E        F      G
               +---------+---------+-------+---------+---------+-------+---------
         Total |       0 |     820 |   0.0 |       0 |      29 |   0.0 |   778
               +---------+---------+-------+---------+---------+-------+---------
           D:1 |       0 |      20 |   0.0 |       0 |       5 |   0.0 |    62
           D:3 |       0 |       5 |   0.0 |       0 |       3 |   0.0 |   118
           D:4 |       0 |     423 |   0.0 |       0 |      16 |   0.0 |   276
           D:5 |       0 |     273 |   0.0 |       0 |       3 |   0.0 |   249
           D:6 |       0 |      99 |   0.0 |       0 |       2 |   0.0 |    61
               +---------+---------+-------+---------+---------+-------+---------
